[Event "Team 45 45 League T24"]
[Site "Internet Chess Club"]
[Date "2004.10.31"]
[Round "7"]
[White "pork"]
[Black "JSC"]
[Result "1/2-1/2"]
[WhiteElo "1729"]
[BlackElo "1900"]
[TimeControl "2700+45"]

1. e4 c6 2. d4 d5 3. Nc3 dxe4 4. Nxe4 Bf5 5. Ng3 Bg6 6. N1e2 Nf6 7. Nf4 e6 8. h4
Bf5 9. Nxf5 exf5 10. c3 Bd6 11. Bd3 Qe7+ 12. Qe2 Qxe2+ 13. Kxe2 Ne4 14. Re1 Nd7
15. f3 Nef6 16. Bxf5 {Game drawn by mutual agreement} 1/2-1/2

[Event "Team 45 45 League T24"]
[Site "Internet Chess Club"]
[Date "2004.10.30"]
[Round "7"]
[White "fernbap"]
[Black "nminwalla"]
[Result "0-1"]
[WhiteElo "1712"]
[BlackElo "1753"]
[TimeControl "2700+45"]

1. Nf3 d5 2. c4 e6 3. b3 Nf6 4. Bb2 Be7 5. g3 c6 6. Bg2 O-O 7. O-O Nbd7 8. d4
Nb6 9. Nbd2 Re8 10. Qc2 Nbd7 11. Rac1 Bf8 12. Rfd1 b6 13. e4 dxe4 14. Nxe4 Nxe4
15. Qxe4 Bb7 16. Ne5 Nxe5 17. dxe5 Qc7 18. Qe2 Red8 19. h4 Bb4 20. a3 Be7 21. h5
h6 22. Qg4 Rxd1+ 23. Rxd1 Rd8 24. b4 Rxd1+ 25. Qxd1 c5 26. Bxb7 Qxb7 27. b5 Kf8
28. Qd3 Kg8 29. Kh2 Qc7 30. a4 Qd8 31. Qxd8+ Bxd8 32. Kh3 f6 33. f4 Kf7 34. g4
Bc7 35. Kg3 fxe5 36. Bxe5 Bxe5 37. fxe5 g6 38. hxg6+ Kxg6 39. Kh4 Kg7 40. g5 Kg6
41. gxh6 Kxh6 42. Kg4 Kg6 43. Kf4 Kh5 44. Kf3 Kg5 45. Ke4 Kg4 {White resigns}
0-1

[Event "Team 45 45 League T24"]
[Site "Internet Chess Club"]
[Date "2004.11.01"]
[Round "7"]
[White "vvsi"]
[Black "PauloBarbosa"]
[Result "1-0"]
[WhiteElo "1631"]
[BlackElo "1590"]
[TimeControl "2700+45"]

1. e4 c5 2. Ne2 d6 3. Nbc3 Nc6 4. g3 e5 5. Bg2 Bg4 6. f3 Be6 7. a4 Nf6 8. d3 Be7
9. O-O O-O 10. f4 exf4 11. Bxf4 Bg4 12. Qd2 Ne5 13. h3 Bd7 14. Kh2 Bc6 15. Ng1
h6 16. Nf3 Ng6 17. Be3 Kh7 18. Ne2 Nd7 19. Nf4 Nge5 20. Nxe5 dxe5 21. Ne2 a5 22.
b3 b5 23. axb5 Bxb5 24. Nc3 Bc6 25. Nd5 Bxd5 26. exd5 Nf6 27. d6 Qxd6 28. Bxa8
Rxa8 29. Rxa5 Rc8 30. Qf2 Qb6 31. Rfa1 g6 32. Ra7 Rc7 33. Rxc7 Qxc7 34. Qd2 g5
35. c4 Nh5 36. Rg1 f5 37. Qe2 Kg6 38. Rg2 Bd6 39. Kg1 Qf7 40. Qf2 Qe7 41. g4 Ng7
42. gxf5+ Nxf5 43. h4 Nxe3 44. Qxe3 Qf6 45. hxg5 hxg5 46. Rf2 Qe6 47. Qe4+ Kg7
48. Qf5 Qxf5 49. Rxf5 Kg6 50. Rf1 Be7 51. Kg2 Kh5 52. Rf7 Bd6 53. Rd7 Bf8 54.
Rd5 Kg4 55. Rxe5 Kf4 56. Re4+ Kf5 57. Kf3 Bg7 58. Re8 g4+ 59. Kg2 Be5 60. Rd8
Ke6 61. Rd5 Bd6 62. Rg5 g3 63. Rd5 Kd7 64. d4 Kc6 65. dxc5 {Black resigns} 1-0

[Event "Team 45 45 League T24"]
[Site "Internet Chess Club"]
[Date "2004.10.31"]
[Round "7"]
[White "Poet-Laureate"]
[Black "Unbeliever"]
[Result "0-1"]
[WhiteElo "1856"]
[BlackElo "2050"]
[TimeControl "2700+45"]

1. Nc3 d6 2. g3 e5 3. Bg2 f5 4. d3 Nf6 5. e4 c6 6. Nge2 Be7 7. O-O O-O 8. Be3 d5
9. exd5 cxd5 10. d4 e4 11. f3 Nc6 12. fxe4 fxe4 13. Qd2 b6 14. Nf4 Bb4 15. a3
Bxc3 16. Qxc3 Ne7 17. Qd2 Qd6 18. Bh3 Ba6 19. Ne2 Bc8 20. Bxc8 Raxc8 21. Bf4 Qc6
22. c3 Qe6 23. Be5 Ng4 24. Qg5 Nxe5 25. dxe5 Ng6 26. Nf4 Qxe5 27. Qxe5 Nxe5 28.
Nxd5 Rcd8 29. Ne7+ Kh8 30. Rxf8+ Rxf8 31. Kg2 Nd3 32. b3 g5 33. Rf1 Re8 34. Nc6
e3 35. Nd4 e2 36. Nxe2 Rxe2+ 37. Kf3 Re7 38. Kg4 h6 39. Kh5 Kg7 40. Rd1 Nf2 41.
Rd6 Ne4 42. Rg6+ Kf7 43. Rxh6 Nf6+ 44. Kxg5 Re5+ 45. Kf4 Ke6 46. Rh8 Nd5+ 47.
Kg4 Nxc3 48. Ra8 Ra5 49. a4 Ne4 50. h4 Nd2 51. Rf8 Ne4 52. Re8+ Kd5 53. Kf4 Nf6
54. Re5+ Kd6 55. Rxa5 bxa5 56. g4 Ke6 57. Kg5 Kf7 58. h5 Ne4+ 59. Kf4 Nc5 60. g5
Nxb3 61. Ke5 Nc5 62. g6+ Kg7 63. Kf5 Nxa4 64. Kg5 Nc5 65. h6+ Kg8 66. Kf6 Nd7+
67. Ke7 a4 68. Kxd7 a3 69. Ke8 a2 70. h7+ Kg7 71. h8=B+ Kxh8 72. Kf7 a1=Q 73.
g7+ Qxg7+ {White resigns} 0-1

[Event "Team 45 45 League T24"]
[Site "Internet Chess Club"]
[Date "2004.10.30"]
[Round "7"]
[White "Zornorph"]
[Black "DidntSeeIt"]
[Result "1-0"]
[WhiteElo "1955"]
[BlackElo "1799"]
[TimeControl "2700+45"]

1. c4 Nf6 2. Nc3 d5 3. cxd5 Nxd5 4. g3 Nxc3 5. bxc3 e5 6. Nf3 Bd6 7. Bg2 O-O 8.
d3 Nc6 9. O-O Bg4 10. Rb1 Rb8 11. Nd2 Qd7 12. Re1 b5 13. Bb2 a5 14. a4 b4 15.
Nc4 Bh3 16. Bxh3 Qxh3 17. Nxd6 cxd6 18. cxb4 Nxb4 19. Ba3 Qe6 20. Bxb4 Rxb4 21.
Rxb4 axb4 22. Qa1 Qb3 23. Rb1 Qc3 24. Qa2 Rb8 25. a5 b3 26. a6 Qc1+ 27. Kg2 Qc6+
28. Kg1 Qc1+ 29. Kg2 Qc6+ 30. f3 Ra8 31. Rxb3 Kf8 32. a7 Qc7 33. Ra3 Qc5 34. Ra5
Qb6 35. Qa3 f6 36. Ra6 Qc5 37. Qxc5 dxc5 38. Kf2 Ke7 39. Ke3 f5 40. g4 Kd7 41.
gxf5 Kc7 42. Ke4 Kb7 43. Ra1 {Black resigns} 1-0

[Event "Team 45 45 League T24"]
[Site "Internet Chess Club"]
[Date "2004.10.31"]
[Round "7"]
[White "NFK"]
[Black "CraigCKlein"]
[Result "0-1"]
[WhiteElo "1738"]
[BlackElo "1791"]
[TimeControl "2700+45"]

1. e4 c5 2. d4 cxd4 3. c3 dxc3 4. Nxc3 Nc6 5. Nf3 e6 6. Bc4 a6 7. Qe2 Nge7 8.
O-O Ng6 9. Rd1 Be7 10. Be3 b5 11. Bb3 O-O 12. Rac1 Na5 13. Nd4 Nxb3 14. axb3 Bb7
15. f3 Bg5 16. Qd2 Bxe3+ 17. Qxe3 Qf6 18. Rd2 Rfd8 19. Rcd1 d5 20. exd5 Bxd5 21.
Nxd5 Rxd5 22. Qc3 Nf4 23. Qc6 Rad8 24. Qc3 Rxd4 25. Rxd4 Ne2+ 26. Kf2 Nxd4 27.
Rxd4 Qxd4+ {White resigns} 0-1

[Event "Team 45 45 League T24"]
[Site "Internet Chess Club"]
[Date "2004.10.30"]
[Round "7"]
[White "Two-DogMan"]
[Black "SkatingBishop"]
[Result "1/2-1/2"]
[WhiteElo "1437"]
[BlackElo "1702"]
[TimeControl "2700+45"]

1. e4 e6 2. d4 d5 3. Nc3 dxe4 4. Nxe4 Nd7 5. Nf3 Ngf6 6. Nxf6+ Nxf6 7. Be2 h6 8.
O-O Bd6 9. Ne5 O-O 10. c3 c5 11. Bd3 Bd7 12. a4 Bc6 13. Qe1 a5 14. b3 cxd4 15.
cxd4 Bb4 16. Qe3 Qd5 17. Nxc6 bxc6 18. Bc4 Qe4 19. Qg3 Kh8 20. Be3 Rad8 21. Rad1
Bd6 22. Qh3 Qg4 23. Qxg4 Nxg4 24. h3 Nxe3 25. fxe3 c5 26. Rf3 cxd4 27. exd4 Bc5
28. Rfd3 Bb6 29. Kf1 Rd6 30. d5 exd5 31. Rxd5 Rxd5 32. Rxd5 Rd8 33. Rxd8+ Bxd8
34. Bxf7 Be7 35. Kf2 g5 36. Bh5 Kg7 37. Kf3 Kf6 38. g3 Ke5 39. h4 gxh4 40. gxh4
Bxh4 41. Kg4 Bg5 42. Bf7 Kd6 43. Kf5 Kc5 44. Ke6 Kb4 45. Kd7 Be3 {Game drawn by
mutual agreement} 1/2-1/2

[Event "Team 45 45 League T24"]
[Site "Internet Chess Club"]
[Date "2004.10.31"]
[Round "7"]
[White "softbunney"]
[Black "ChessyStud"]
[Result "1-0"]
[WhiteElo "2134"]
[BlackElo "2119"]
[TimeControl "2700+45"]

1. d4 Nf6 2. c4 g6 3. Nc3 Bg7 4. e4 d6 5. f3 O-O 6. Bg5 Nc6 7. Nge2 e5 8. d5 Ne7
9. Qd2 c6 10. g4 b5 11. Bxf6 Bxf6 12. g5 Bg7 13. cxb5 cxd5 14. Nxd5 Nxd5 15.
Qxd5 Be6 16. Qd2 d5 17. Ng3 Qc7 18. Bd3 Rfd8 19. Rc1 Qb6 20. Rc6 Qd4 21. Ne2 Qa4
22. Ra6 Qxa6 23. bxa6 dxe4 24. fxe4 Bc4 25. Nc1 Rd4 26. Bxc4 {Black resigns} 1-0

[Event "Team 45 45 League T24"]
[Site "Internet Chess Club"]
[Date "2004.10.31"]
[Round "7"]
[White "godkiller"]
[Black "Falhari"]
[Result "0-1"]
[WhiteElo "1972"]
[BlackElo "2020"]
[TimeControl "2700+45"]

1. e4 c5 2. Nc3 Nc6 3. g3 g6 4. Bg2 Bg7 5. f4 d6 6. Nf3 e6 7. O-O Nge7 8. d3 Nd4
9. Ne2 Nec6 10. c3 Nxf3+ 11. Bxf3 d5 12. Be3 d4 13. Bd2 dxc3 14. Bxc3 Bxc3 15.
bxc3 O-O 16. d4 cxd4 17. cxd4 Qe7 18. Qb3 b6 19. d5 Na5 20. Qb5 Bd7 21. Qd3 Qc5+
22. Qd4 Rac8 23. Rfc1 Qxd4+ 24. Nxd4 Rxc1+ 25. Rxc1 Rc8 26. Rxc8+ Bxc8 27. Nc6
Nxc6 28. dxc6 Kf8 29. e5 Ke7 30. Kf2 Kd8 31. Ke3 Kc7 32. Kd4 Ba6 33. a4 h5 34.
Kc3 Bf1 35. Kd4 a5 36. Kc3 b5 37. Kb3 Kb6 38. g4 hxg4 39. Bxg4 Kxc6 40. h4 b4
41. h5 gxh5 42. Bxh5 Kd5 43. Bxf7 Bc4+ 44. Kb2 Ke4 {White resigns} 0-1

[Event "Team 45 45 League T24"]
[Site "Internet Chess Club"]
[Date "2004.10.31"]
[Round "7"]
[White "Zornorph"]
[Black "Bennie90"]
[Result "1/2-1/2"]
[WhiteElo "1954"]
[BlackElo "1940"]
[TimeControl "2700+45"]

1. c4 c6 2. e4 d5 3. exd5 cxd5 4. d4 Nf6 5. Nc3 e6 6. Bg5 Be7 7. Nf3 O-O 8. c5
b6 9. b4 a5 10. a3 bxc5 11. bxc5 Nc6 12. Bb5 Qc7 13. O-O Ne4 14. Bxc6 Nxc3 15.
Qc2 Qxc6 16. Qxc3 Bxg5 17. Nxg5 Ba6 18. Rfb1 Rfc8 19. f4 Qc7 20. Qc2 g6 21. g3
Rab8 22. Nf3 Rb5 23. Rxb5 Bxb5 24. Rb1 Rb8 25. Rb2 Kg7 26. Ne5 f6 27. Qb1 fxe5
28. Rxb5 Rxb5 29. Qxb5 exd4 30. Qb6 Qe7 31. Qxa5 d3 32. c6 d2 33. Qxd2 Qc5+ 34.
Kg2 Qxc6 35. Qd4+ Kf7 36. a4 Qc2+ 37. Kh3 h5 38. a5 Qf5+ 39. Kg2 Qc2+ 40. Kh3
{Game drawn by mutual agreement} 1/2-1/2

[Event "Team 45 45 League T24"]
[Site "Internet Chess Club"]
[Date "2004.10.30"]
[Round "7"]
[White "Mika91"]
[Black "Knight77"]
[Result "1-0"]
[WhiteElo "1881"]
[BlackElo "1836"]
[TimeControl "2700+45"]

1. e4 e6 2. d4 d5 3. Nd2 Nf6 4. e5 Nfd7 5. Bd3 c5 6. c3 Nc6 7. Ne2 cxd4 8. cxd4
f6 9. exf6 Nxf6 10. O-O Bd6 11. Nf3 O-O 12. Bf4 Bxf4 13. Nxf4 Ne4 14. g3 Qf6 15.
h4 Bd7 16. Bxe4 dxe4 17. Ne5 Nxe5 18. dxe5 Qe7 19. Qb3 Bc6 20. Nxe6 Rf7 21. Ng5
h6 22. Nxf7 Qxf7 23. Qxf7+ Kxf7 24. Rfe1 Ke6 25. Rad1 Kxe5 26. f3 Re8 27. fxe4
Kf6 28. Rd6+ Ke5 29. Rg6 Re7 30. Kh2 Bxe4 31. Rg4 Kd5 32. Kg1 g6 33. Rf4 Re5 34.
Rf7 Kc6 35. Rf6+ Kd5 36. Rd1+ Kc5 37. Rc1+ Kd5 38. Rf7 Kd6 39. Rd1+ Kc5 40. Re1
Kd5 41. Rxb7 Kd4 42. Rxa7 Rb5 43. Ra4+ Kd5 44. Raxe4 Rxb2 45. R1e2 Rb1+ 46. Kg2
Rb6 47. Re5+ Kd4 48. Re6 {Black resigns} 1-0

[Event "Team 45 45 League T24"]
[Site "Internet Chess Club"]
[Date "2004.10.29"]
[Round "7"]
[White "trikmamak"]
[Black "TheTankDriver"]
[Result "0-1"]
[WhiteElo "2238"]
[BlackElo "2331"]
[TimeControl "2700+45"]

1. e4 e6 2. d4 d5 3. Nc3 Nf6 4. e5 Nfd7 5. Nce2 c5 6. c3 Nc6 7. f4 Be7 8. Nf3
Qb6 9. g3 cxd4 10. cxd4 O-O 11. Bh3 f6 12. O-O fxe5 13. Bxe6+ Kh8 14. Bxd7 Bxd7
15. fxe5 Bg4 16. Kg2 Bxf3+ 17. Rxf3 Rxf3 18. Kxf3 Rf8+ 19. Kg2 Nxe5 20. Bf4 Ng6
21. b3 Bf6 22. Qd3 Re8 23. Rd1 Qe6 24. Rd2 Qg4 25. Kh1 Re4 26. Bb8 Bg5 27. Rc2
Re3 28. Qd1 Qf3+ 29. Kg1 Rxe2 30. Rc8+ Nf8 31. Qxe2 Be3+ 32. Qxe3 Qxe3+ 33. Kg2
Qe2+ 34. Kg1 Qe1+ 35. Kg2 Qe4+ 36. Kg1 Qxd4+ 37. Kg2 Qe4+ 38. Kg1 Qf5 39. Rd8
Qf6 40. Re8 Kg8 41. Be5 Qb6+ 42. Kg2 Kf7 43. Rc8 Ne6 {White resigns} 0-1

[Event "Team 45 45 League T24"]
[Site "Internet Chess Club"]
[Date "2004.10.31"]
[Round "7"]
[White "Parsnip"]
[Black "Chief-Justice"]
[Result "0-1"]
[WhiteElo "1756"]
[BlackElo "1966"]
[TimeControl "2700+45"]

1. d4 d5 2. Nf3 Nf6 3. Bf4 c5 4. e3 Nc6 5. h3 Bf5 6. Bd3 Bxd3 7. Qxd3 e6 8. O-O
Rc8 9. c3 Bd6 10. Ne5 Qc7 11. Nd2 Nxe5 12. dxe5 Bxe5 13. Bxe5 Qxe5 14. Nf3 Qe4
15. Qb5+ Nd7 16. Qxb7 Rb8 17. Qxa7 Rxb2 18. a4 Ke7 19. Qc7 Rhb8 20. Qg3 Kf8 21.
a5 Kg8 22. a6 Qg6 23. Qd6 Nf6 24. Ne5 Qg5 25. Nc6 Ra8 26. a7 Ne4 27. Ne7+ Kh8
28. Qc7 Nxc3 29. Nc6 Ne2+ 30. Kh2 h5 31. Nb8 h4 32. Rab1 Ra2 33. Rb7 Qf5 34. Na6
Kh7 35. Nb4 cxb4 {White resigns} 0-1

[Event "Team 45 45 League T24"]
[Site "Internet Chess Club"]
[Date "2004.10.27"]
[Round "7"]
[White "swingdoc"]
[Black "doobedoo"]
[Result "0-1"]
[WhiteElo "1644"]
[BlackElo "1794"]
[TimeControl "2700+45"]

1. e4 c6 2. d4 d5 3. e5 Bf5 4. Be3 Qa5+ 5. c3 e6 6. b4 Qc7 7. Nd2 a5 8. a3 axb4
9. axb4 Rxa1 10. Qxa1 g6 11. Qd1 h5 12. f3 Bh6 13. Bxh6 Nxh6 14. Nb3 b6 15. h3
Qe7 16. g4 Qh4+ 17. Kd2 hxg4 18. Qe1 Qxe1+ 19. Kxe1 gxf3 20. Nxf3 Be4 21. Nbd2
Bc2 22. Be2 Nf5 23. Kf2 Nh4 24. Ra1 Nxf3 25. Nxf3 b5 26. Ra7 O-O 27. Ng5 Bf5 28.
Kg3 f6 29. Nh7 Rf7 30. Nxf6+ Kg7 31. Ne8+ Kf8 32. Rxf7+ Kxf7 33. Nd6+ Ke7 34.
Nxf5+ exf5 35. Kf4 Kf7 36. Kg5 Kg7 37. e6 Na6 38. e7 Nc7 39. h4 Ne6# {White
checkmated} 0-1

[Event "Team 45 45 League T24"]
[Site "Internet Chess Club"]
[Date "2004.10.28"]
[Round "7"]
[White "Pick"]
[Black "jmc860"]
[Result "0-1"]
[WhiteElo "1697"]
[BlackElo "1590"]
[TimeControl "2700+45"]

1. d4 Nf6 2. Nf3 d5 3. e3 Nbd7 4. Bd3 c5 5. c3 g6 6. Nbd2 Bg7 7. O-O O-O 8. Re1
Qc7 9. Qe2 c4 10. Bc2 Re8 11. e4 dxe4 12. Nxe4 Nxe4 13. Qxe4 Nf6 14. Qe2 Nd5 15.
Ne5 Be6 16. f4 Qc8 17. Ba4 Rf8 18. Bb5 Nb6 19. Qd1 a6 20. Ba4 Nxa4 21. Qxa4 f6
22. Nf3 Re8 23. Qd1 Bd5 24. Qe2 Bxf3 25. Qxf3 b5 26. Bd2 f5 27. Re2 Qd7 28. Rae1
Ra7 29. h3 Bf6 30. g3 Rc7 31. Be3 Rd8 32. Bf2 Qd5 33. Qxd5+ Rxd5 34. g4 Kf7 35.
g5 Bg7 36. h4 Bf8 37. Re5 Rcd7 38. Kg2 Bg7 39. Rxd5 Rxd5 40. Kf3 e6 41. Rh1 Bf8
42. h5 Kg7 43. Re1 Rd6 44. hxg6 hxg6 45. Re5 Kf7 46. Rc5 Ke7 47. Rc7+ Rd7 48.
Rc5 Kf7 49. Rc8 Bg7 50. Rc6 a5 51. Ra6 a4 52. Rb6 Rd5 53. Rb7+ Kf8 54. a3 Kg8
55. Ke3 Kf8 56. Kd2 Kg8 57. Re7 Rd6 58. Rb7 Rd5 59. Rc7 e5 60. Rc5 Rxc5 61. dxc5
Kf8 62. fxe5 Bxe5 63. Be3 Ke7 64. Ke2 Kd7 65. Kf3 Kc6 66. Bd4 Bb8 67. Ke3 Kd5
68. Kf3 Ke6 69. Be3 Kd5 70. Bd4 Ba7 71. c6 Bb8 72. Bf2 Kxc6 73. Bd4 Kd5 74. Bb6
f4 75. Bd8 Ke5 76. Bf6+ Kf5 77. Bd8 Bd6 78. Bf6 Ke6 79. Ke4 Kf7 80. Bd4 Ke6 81.
Bg1 f3 82. Kxf3 Kf5 83. Be3 Be7 84. Kg2 Bxg5 85. Bc5 Bc1 86. Bb4 Bxb2 87. Kf3 g5
88. Kg3 Bc1 89. Kf3 Bd2 90. Ke2 Bf4 91. Kf3 g4+ 92. Kg2 Ke4 93. Kf2 Kd3 94. Kg2
Bd2 95. Kg3 Bxc3 {White resigns} 0-1

[Event "Team 45 45 League T24"]
[Site "Internet Chess Club"]
[Date "2004.10.30"]
[Round "7"]
[White "forquesato"]
[Black "SeniorCitizen"]
[Result "0-1"]
[WhiteElo "1805"]
[BlackElo "1432"]
[TimeControl "2700+45"]

1. e4 e6 2. d4 d5 3. Nd2 c5 4. exd5 Qxd5 5. Ngf3 cxd4 6. Bc4 Qd8 7. Nb3 Nc6 8.
Nbxd4 Nxd4 9. Nxd4 a6 10. Be3 Nf6 11. Qf3 Bd7 12. Qxb7 Rb8 13. Qf3 Rxb2 14. O-O
a5 15. Rab1 Rxb1 16. Rxb1 Be7 17. Nc6 Bxc6 18. Qxc6+ Kf8 19. Bf4 Bb4 20. Bc7 Qe8
21. Bb5 Qxc6 22. Bxc6 Ke7 23. Rd1 Rc8 24. Bb6 Rxc6 25. Bd8+ Ke8 {White resigns}
0-1

[Event "Team 45 45 League T24"]
[Site "Internet Chess Club"]
[Date "2004.10.29"]
[Round "7"]
[White "Traho"]
[Black "Rainbird"]
[Result "1-0"]
[WhiteElo "1340"]
[BlackElo "1568"]
[TimeControl "2700+45"]

1. e4 c5 2. Nf3 Nc6 3. g3 g6 4. Nc3 Bg7 5. d3 e5 6. Bg2 Nge7 7. O-O d6 8. Bd2
Be6 9. Qc1 Qd7 10. Bh6 O-O 11. Bxg7 Kxg7 12. Ng5 Nd4 13. Nxe6+ fxe6 14. Qd1 Rab8
15. Ne2 Nxe2+ 16. Qxe2 Nc6 17. c3 b5 18. Bh3 b4 19. Rab1 a5 20. a3 a4 21. Qd1
Ra8 22. Qg4 Rfe8 23. f4 b3 24. f5 exf5 25. exf5 Ra7 26. f6+ Kf7 27. Qxd7+ Rxd7
28. Bxd7 {Black resigns} 1-0

[Event "Team 45 45 League T24"]
[Site "Internet Chess Club"]
[Date "2004.10.31"]
[Round "7"]
[White "bigarrow"]
[Black "erebus"]
[Result "1-0"]
[WhiteElo "1813"]
[BlackElo "1931"]
[TimeControl "2700+45"]

1. e4 d6 2. d4 Nf6 3. Nc3 g6 4. f3 c6 5. Be3 Qa5 6. Qd2 b5 7. a3 Ba6 8. b4 Qc7
9. Bd3 Nbd7 10. a4 Rb8 11. d5 Ne5 12. axb5 Nxd3+ 13. Qxd3 Bxb5 14. Nxb5 cxb5 15.
Rxa7 Qc8 16. Ne2 Bg7 17. O-O h5 18. Nd4 Qc4 19. Qxc4 bxc4 20. Nc6 {Black
resigns} 1-0

[Event "Team 45 45 League T24"]
[Site "Internet Chess Club"]
[Date "2004.10.31"]
[Round "7"]
[White "Agent911"]
[Black "Steinwitz"]
[Result "1-0"]
[WhiteElo "1670"]
[BlackElo "1830"]
[TimeControl "2700+45"]

1. c4 e5 2. g3 Nf6 3. Bg2 d6 4. Nc3 Be7 5. Nf3 O-O 6. d4 exd4 7. Nxd4 c6 8. O-O
Bg4 9. f3 Bh5 10. e4 Nbd7 11. Nde2 Qb6+ 12. Kh1 Rad8 13. Nf4 Bg6 14. Nxg6 hxg6
15. Qe2 Qc7 16. Be3 a6 17. b4 Ra8 18. a4 Kh7 19. a5 Rh8 20. Na4 Kg8 21. f4 Qc8
22. Bf3 Nh5 23. Kg2 Rb8 24. Nb6 Nxb6 25. axb6 Nf6 26. h4 Nd7 27. Bg4 Qd8 28. c5
dxc5 29. Rad1 Qxb6 30. Rxd7 Kf8 31. Rxe7 Qxb4 32. Re5 b6 33. Qxa6 Rd8 34. Qb7
Kg8 35. Bd7 Kh7 36. Bxc6 Rhf8 37. Bd5 Rb8 38. Qa6 Ra8 39. Qc4 Ra4 40. Qxb4 Rxb4
41. Rc1 Rc8 42. Bxf7 c4 43. h5 Rb2+ 44. Kf3 c3 45. hxg6+ Kh6 46. Rh1+ {Black
resigns} 1-0

[Event "Team 45 45 League T24"]
[Site "Internet Chess Club"]
[Date "2004.10.30"]
[Round "7"]
[White "john-beebs"]
[Black "Ratbeard"]
[Result "0-1"]
[WhiteElo "1496"]
[BlackElo "1487"]
[TimeControl "2700+45"]

1. e4 e5 2. Nf3 Nf6 3. Nc3 Bb4 4. Nxe5 Bxc3 5. bxc3 Qe7 6. d4 d6 7. Ba3 Nxe4 8.
Qf3 Ng5 9. Bb5+ c6 10. Bxc6+ Nxc6 11. Qe3 Nxe5 12. dxe5 Qxe5 13. O-O Ne6 14. Qd3
Nf4 15. Qxd6 Qxd6 16. Bxd6 Ne2+ 17. Kh1 Nxc3 18. Rfe1+ Kd7 19. Be5 Nd5 20. Bxg7
Re8 21. Red1 Kc6 22. c4 Nb6 23. c5 Nd7 24. Bd4 Nxc5 25. Rac1 b6 26. Be3 Be6 27.
Rd2 Rad8 28. Rdc2 Rd5 29. Rc3 Red8 30. h3 Rd1+ 31. Kh2 Rxc1 32. Rxc1 Bxa2 33.
Ra1 Bc4 34. Rxa7 Rd7 35. Ra1 b5 36. Rc1 Nb3 37. Re1 b4 38. Bh6 Kb5 39. Re8 Rb7
40. Bg5 Nd4 41. Re5+ Ka4 42. Be3 Nc2 43. Bg5 Rb5 44. Re4 Bd3 45. Rg4 Ka3 46. Be7
Ka2 47. Rg3 Bg6 48. Rg4 b3 49. Ra4+ Kb1 50. Rc4 Kc1 51. Ba3+ b2 52. Rc3 Kb1 53.
Be7 Ka2 54. Rc4 b1=Q 55. Ra4+ Kb3 {White resigns} 0-1

[Event "Team 45 45 League T24"]
[Site "Internet Chess Club"]
[Date "2004.10.30"]
[Round "7"]
[White "dawgfish"]
[Black "SpeedBlade"]
[Result "1-0"]
[WhiteElo "1367"]
[BlackElo "1461"]
[TimeControl "2700+45"]

1. Nf3 c5 2. g3 Nc6 3. Bg2 e5 4. O-O g6 5. d3 Bg7 6. Nbd2 Nge7 7. e4 O-O 8. a4
d6 9. Nc4 h6 10. Bd2 Be6 11. b3 d5 12. exd5 Nxd5 13. a5 Ndb4 14. Qc1 Kh7 15. c3
Nxd3 16. Qc2 Bf5 17. Qd1 e4 18. Ne1 Nce5 19. Nxd3 Nxd3 20. f3 Re8 21. Ne3 Bd7
22. fxe4 Bc6 23. Rxf7 Bxe4 24. Bxe4 Rxe4 25. Qf3 Re7 26. Rxe7 Qxe7 27. a6 b6 28.
Qxa8 Qf6 29. Rf1 Qe5 30. Qxa7 Qe4 31. Qb7 Qe8 32. Rf7 Qe5 33. Rxg7+ {Black
resigns} 1-0

[Event "Team 45 45 League T24"]
[Site "Internet Chess Club"]
[Date "2004.10.30"]
[Round "7"]
[White "viking99"]
[Black "rph"]
[Result "0-1"]
[WhiteElo "1777"]
[BlackElo "1790"]
[TimeControl "2700+45"]

1. e4 c6 2. d4 d5 3. e5 Bf5 4. Nc3 e6 5. g4 Bg6 6. Nge2 c5 7. Nf4 cxd4 8. Nxg6
hxg6 9. Qxd4 Nc6 10. Bb5 Ne7 11. Bg5 Qc7 12. O-O-O a6 13. Qa4 Rc8 14. Bd3 Qxe5
15. Bf4 Qd4 16. Qxd4 Nxd4 17. Bxa6 bxa6 18. Rxd4 Nc6 19. Ra4 e5 20. Re1 Bd6 21.
Nxd5 Kf8 22. Bg3 a5 23. Rc4 f6 24. g5 Kf7 25. gxf6 gxf6 26. f4 exf4 27. Nxf4 Ne5
28. Rxc8 Rxc8 29. Rd1 Bc5 30. Nd3 Nxd3+ 31. Rxd3 Re8 32. Kd1 g5 33. Rd5 Bb6 34.
Rb5 Re6 35. c4 Rc6 36. b3 Ke6 37. Bf2 Bxf2 38. Rxa5 g4 39. Ke2 Bg1 40. Rb5 Bxh2
41. a4 f5 42. a5 Be5 43. c5 Kd7 44. Ke3 f4+ 45. Ke2 Bd4 46. b4 Kc7 47. Kf1 f3
48. Rb6 Rxb6 49. cxb6+ Kb7 50. b5 g3 {White resigns} 0-1

[Event "Team 45 45 League T24"]
[Site "Internet Chess Club"]
[Date "2004.10.31"]
[Round "7"]
[White "KirkB"]
[Black "crankn8tr"]
[Result "0-1"]
[WhiteElo "1523"]
[BlackElo "1550"]
[TimeControl "2700+45"]

1. e4 c6 2. d4 d5 3. e5 Bf5 4. g4 Be4 5. f3 Bg6 6. e6 fxe6 7. h4 h5 8. g5
Qd6 9. Be3 e5 10. Bd3 Bxd3 11. Qxd3 exd4 12. Bxd4 e5 13. Qe3 Nd7 14. Nc3 c5
15. Bxe5 Qxe5 16. Qxe5+ Nxe5 17. f4 d4 18. Nb5 O-O-O 19. fxe5 a6 20. Na3 b5
21. O-O-O Ne7 22. Nf3 Nf5 23. Nb1 Ne3 24. Rd3 g6 25. Nbd2 Bg7 26. Nf1 Ng4
27. Ra3 Kb7 28. N1d2 Nxe5 29. Nxe5 Bxe5 30. Ne4 Kb6 31. Rf1 Rhf8 32. Raf3
Rxf3 33. Rxf3 Kc6 34. Rf7 Rd7 35. Rxd7 Kxd7 36. Nxc5+ Kc6 37. Nxa6 Bg3 38.
Nb4+ Kd6 39. Nd3 Bxh4 40. Kd1 Bxg5 41. Nf2 Kd5 42. Ke2 Be3 43. b3 g5 44. a4
bxa4 45. bxa4 g4 46. a5 Kc6 47. Ne4 h4 48. c3 g3 49. Nxg3 hxg3 50. cxd4 Bxd4
51. Kf3 Bf2 52. a6 Kb6 53. a7 Kxa7 54. Kg2 Kb6 55. Kf3 Kc6 56. Kg2 Kd5 57.
Kf3 Ke5 58. Kg2 Ke4 59. Kf1 Kf4 60. Kg2 Kg4 61. Kf1 Kh3 62. Ke2 Kh2 63. Kf1
Ba7 64. Ke2 g2 65. Kd3 g1=Q 66. Ke4 Qd4+ 67. Kf5 Qe3 68. Kf6 Qe4 69. Kf7 Qe5
70. Kg6 Kg3 71. Kf7 Kg4 72. Kg6 Qf5+ 73. Kg7 Bd4+ 74. Kg8 Qf6 75. Kh7 Qg7#
{White checkmated}
0-1

Beretorn(250): heh even OJ had a glove slip off supposedly :)

[Event "Team 45 45 League T24"]
[Site "Internet Chess Club"]
[Date "2004.10.31"]
[Round "7"]
[White "JLMOE"]
[Black "Mississippian"]
[Result "1-0"]
[WhiteElo "1393"]
[BlackElo "1507"]
[TimeControl "2700+45"]

1. b3 e5 2. Bb2 Nc6 3. e3 a6 4. Nf3 d6 5. Be2 Nf6 6. d4 Qe7 7. O-O g6 8. dxe5
dxe5 9. Ba3 Qd7 10. Bxf8 Rxf8 11. Nc3 Qxd1 12. Raxd1 Bf5 13. Rd2 Rd8 14. Rxd8+
Kxd8 15. Rd1+ Kc8 16. Rd2 Nd7 17. e4 Bg4 18. h3 Be6 19. Ng5 h6 20. Nxe6 fxe6 21.
Bg4 Rf6 22. a3 h5 23. Bf3 Nd4 24. Be2 Nc5 25. f3 h4 26. b4 Nd7 27. a4 Nxe2+ 28.
Nxe2 Nb6 29. a5 Nc4 30. Rd3 Rf7 31. c3 b6 32. axb6 Nxb6 33. Nc1 Rd7 34. Rxd7
Kxd7 35. Nb3 Nc4 36. Nc5+ Kc6 37. Nxa6 Kb6 38. Nc5 c6 39. Nxe6 Kb5 40. Nc5 Ne3
41. Nd3 Nd1 42. Nxe5 Nxc3 43. Kf2 g5 44. g3 Na2 45. gxh4 gxh4 46. Nd3 Nxb4 47.
Nxb4 Kxb4 48. Ke2 c5 49. Kd2 Kb3 50. Kc1 Kc4 51. f4 Kd4 52. e5 Ke4 53. e6 {Black
resigns} 1-0

[Event "Team 45 45 League T24"]
[Site "Internet Chess Club"]
[Date "2004.10.31"]
[Round "7"]
[White "az2112"]
[Black "hondocando"]
[Result "1/2-1/2"]
[WhiteElo "1726"]
[BlackElo "1660"]
[TimeControl "2700+45"]

1. c4 e6 2. d4 Nf6 3. Nf3 d5 4. Nc3 h6 5. e3 Bb4 6. Bd2 O-O 7. Rc1 Nc6 8. a3 Bd6
9. Qc2 Bd7 10. Bd3 dxc4 11. Bxc4 Ne7 12. Nb5 a6 13. Nxd6 cxd6 14. O-O Rc8 15.
Qb1 Bc6 16. Bd3 Bxf3 17. gxf3 Rxc1 18. Rxc1 Nc6 19. Bxa6 bxa6 20. Rxc6 Qa8 21.
Qc2 Rb8 22. Bb4 Qb7 23. Bxd6 Re8 24. Kg2 Qb5 25. Rc5 Qb7 26. Rc7 Qb6 27. Bg3 g5
28. Be5 Nd5 29. Rc8 Qb5 30. Qc6 Qxc6 31. Rxc6 f6 32. Bd6 a5 33. Ra6 Rd8 34. Bc5
Rb8 35. Rxa5 Rxb2 36. Ra8+ Kf7 37. Kg3 f5 38. Bd6 h5 39. h4 gxh4+ 40. Kxh4 Rxf2
41. Kg3 Re2 42. Rh8 Kg6 43. Re8 Rxe3 44. Be5 Kf7 45. Rh8 Rxa3 46. Rxh5 Ra4 47.
Rh7+ Ke8 48. f4 Nc3 49. Kf2 Nb5 50. Ke3 Ra3+ 51. Kd2 Rg3 52. Kc2 Na3+ 53. Kd1
Nc4 54. Rg7 Re3 55. Rh7 Nxe5 56. dxe5 Rf3 57. Rh4 Kd7 58. Ke2 Rg3 59. Kf2 Ra3
60. Rh1 Ra5 61. Rd1+ Rd5 62. Rxd5+ exd5 63. Ke3 Ke7 64. Kd3 Kd7 65. Kc3 Kc7
{Game drawn by mutual agreement} 1/2-1/2